 Dungeon Crawl Stone Soup version 0.21-a0-243-g597973d (webtiles) character file.

5013 Kidiri the Thaumaturge (level 10, -8/56 HPs)
             Began as a Deep Elf Fire Elementalist on Sept 4, 2017.
             Was an Elder of Vehumet.
             Mangled by a two-headed ogre
             ... wielding a +0 giant club
              (23 damage)
             ... on level 8 of the Dungeon.
             The game lasted 00:39:31 (9792 turns).

Kidiri the Thaumaturge (Deep Elf Fire Elementalist) Turns: 9792, Time: 00:39:32

Health: -8/56      AC:  6    Str:  5    XL:     10   Next: 30%
Magic:  21/35      EV: 16    Int: 24    God:    Vehumet [****..]
Gold:   353        SH:  3    Dex: 19    Spells: 6/30 levels left

rFire    . . .     SeeInvis +   j - +3 dagger
rCold    + . .     Gourm    .   (no shield)
rNeg     + + .     Faith    .   a - +0 robe
rPois    +         Spirit   .   k - +1 helmet
rElec    .         Reflect  +   n - +1 cloak {MR+}
rCorr    .         Harm     .   (no gloves)
MR       +++..     NoTele   +   (no boots)
Stlth    +++.......             v - +3 amulet of reflection
HPRegen  0.18/turn              K - ring "Mojotepp" {-Tele +Inv rPois rC+ MR+}
MPRegen  0.24/turn              H - ring "Hydon" {rN++ MP+9 Dex+2 SInv Stlth+}

@: no status effects
A: agile 1, wild magic 1
a: Renounce Religion, Evoke Invisibility


You were on level 8 of the Dungeon.
You worshipped Vehumet.
Vehumet was greatly pleased with you.
You were not hungry.

You visited 2 branches of the dungeon, and saw 9 of its levels.

You collected 690 gold pieces.
You spent 337 gold pieces at shops.

Inventory:

Hand Weapons
 j - a +3 dagger (weapon)
 G - a +0 short sword of speed
Armour
 a - a +0 robe (worn)
 k - a +1 helmet (worn)
 n - a +1 cloak of magic resistance (worn)
 q - a +0 large shield
Jewellery
 i - an uncursed ring of resist corrosion
 m - an uncursed ring of positive energy
 v - a +3 amulet of reflection (around neck)
 w - an uncursed amulet of the gourmand
 H - the ring "Hydon" (right hand) {rN++ MP+9 Dex+2 SInv Stlth+}
   (You found it on level 7 of the Dungeon)

   [ring of magical power]

   It affects your dexterity (+2).
   It greatly protects you from negative energy.
   It affects your magic capacity (+9).
   It lets you see invisible.
   It makes you more stealthy.
 K - the ring "Mojotepp" (left hand) {-Tele +Inv rPois rC+ MR+}
   (You found it on level 8 of the Dungeon)

   [ring of protection from cold]

   It protects you from cold.
   It protects you from poison.
   It affects your resistance to hostile enchantments.
   It lets you turn invisible.
   It prevents most forms of teleportation.
Wands
 o - a wand of flame (21/48)
 s - a wand of lightning (4/15)
 I - a wand of confusion (8/48)
 J - a wand of confusion (22/48)
Scrolls
 g - 5 scrolls of amnesia
 h - 4 scrolls of remove curse
 y - 3 scrolls of teleportation
 C - 2 scrolls of recharging
Potions
 d - a potion of agility
 e - a potion of flight
 p - a potion of magic
 r - 2 potions of brilliance
 t - 2 potions of invisibility {unknown}
 u - a potion of might
 x - a potion of heal wounds
 z - 2 potions of haste
 A - a potion of lignification {unknown}
 B - a potion of degeneration {unknown}
 E - a potion of curing
Books
 b - a book of Flames

   Spells                             Type                      Level
   a - Flame Tongue                   Conjuration/Fire             1
   b - Throw Flame                    Conjuration/Fire             2
   c - Conjure Flame                  Conjuration/Fire             3
   d - Inner Flame                    Hexes/Fire                   3
   e - Sticky Flame                   Conjuration/Fire             4
   f - Fireball                       Conjuration/Fire             5
Comestibles
 c - 4 bread rations
 f - 4 royal jellies
 l - 3 meat rations
 D - 4 fruits
 F - 7 chunks of flesh


   Skills:
 + Level 3.1 Fighting
 + Level 3.3 Short Blades
 + Level 3.1 Armour
 + Level 5.0 Dodging
 - Level 2.4 Stealth
 + Level 2.7 Shields
 * Level 10.6 Spellcasting
 + Level 6.3 Conjurations
 + Level 6.8 Fire Magic
 + Level 3.5 Ice Magic
 + Level 4.2 Air Magic
 + Level 1.5 Poison Magic


You had 6 spell levels left.
You knew the following spells:

 Your Spells              Type           Power        Failure   Level  Hunger
a - Flame Tongue          Conj/Fire      #####        1%          1    None
b - Throw Flame           Conj/Fire      ######       1%          2    None
c - Conjure Flame         Conj/Fire      ######..     1%          3    None
d - Inner Flame           Hex/Fire       #####...     1%          3    None
e - Ignite Poison         Fire/Tmut/Pois ####....     2%          3    None
f - Sticky Flame          Conj/Fire      ######..     1%          4    None
g - Fireball              Conj/Fire      ######....   3%          5    ####...
h - Throw Frost           Conj/Ice       #####.       1%          2    None
i - Shock                 Conj/Air       ####         1%          1    None


Dungeon Overview and Level Annotations

Branches:
Dungeon (8/15)             Temple (1/1) D:4
   Lair: D:8-11

Altars:
Ashenzari
Cheibriados
Dithmenos
Elyvilon
Fedhas
Gozag
Hepliaklqana
Kikubaaqudgha
Makhleb
Nemelex Xobeh
Okawaru
Qazlal
Ru
Sif Muna
Trog
Uskayaw
Vehumet
Wu Jian
Xom
Zin
The Shining One

Shops:
D:4 }=(*=   D:6 [


Innate Abilities, Weirdness & Mutations

You are agile. (Dex +2)
Your spells are a little harder to cast, but a little more powerful.


Message History

The two-headed ogre is engulfed in blazing flames.
The howler monkey hoots and howls with incredible vigour!
You continue memorising.
The two-headed ogre hits you with a giant club!!
Your memorisation is interrupted.
The two-headed ogre hits you with a giant club!!
* * * LOW HITPOINT WARNING * * *
You hear a croak.
Unknown command.
Casting: Flame Tongue
Confirm with . or Enter, or press ? or * to list all spells.
Aiming: Sticky Flame
Press: ? - help, Shift-Dir - straight line, f - two-headed ogre
Aim: a two-headed ogre, wielding two giant clubs (moderately wounded)
The sticky flame hits the two-headed ogre.
The two-headed ogre is moderately wounded.
The two-headed ogre is covered in liquid flames!
The two-headed ogre burns!
The two-headed ogre hits you with a giant club!!
You die...

..##._ha###..##.#
#....# #%....#
#....# #..####
....##...#.#
###.####.##.#
#.........### #
####......#
######O# #@# #.#
#.# #.# ..# ###


You could see a two-headed ogre (burning).

Vanquished Creatures
  The ghost of Nattefrost the Cruncher, a novice DsHu of Uskayaw (D:8)
  The ghost of George the Carver, a novice MiFi of the Shining One (D:7)
  A centaur skeleton (D:7)
  A hungry ghost (D:7)
  Duvessa (D:7)
  A sky beast (D:8)
  2 ice beasts
  3 orc warriors
  2 phantoms (D:7)
  An eye of draining (D:6)
  3 ogres
  A centaur (D:5)
  8 big kobolds
  3 bullfrogs
  Dowan (D:7)
  A scorpion (D:5)
  8 wights
  2 howler monkeys
  3 crimson imps
  2 centaur zombies (D:7)
  5 orc wizards
  4 hounds
  A bullfrog skeleton (D:5)
  An orc priest (D:8)
  A jelly (D:7)
  Crazy Yiuf (D:3)
  Jessica (D:3)
  Ijyb (D:3)
  Natasha (thrice) (D:3)
  4 worker ants
  2 killer bee zombies
  6 gnolls (D:3)
  4 adders
  A shadow imp (D:6)
  3 oozes
  An adder zombie (D:7)
  3 worms
  6 dart slugs
  5 leopard geckos
  28 orcs
  2 giant cockroaches
  9 goblins
  5 hobgoblins
  13 jackals
  4 quokkas
  9 bats
  3 frilled lizards
  56 kobolds
  2 leopard gecko skeletons
  7 rats
237 creatures vanquished.

Notes
Turn   | Place    | Note
-------+----------+-------------------------------------------
     0 | D:1      | Kidiri the Deep Elf Fire Elementalist began the quest for the Orb.
     0 | D:1      | Reached XP level 1. HP: 10/10 MP: 6/6
   182 | D:1      | Reached XP level 2. HP: 15/15 MP: 4/8
   231 | D:1      | Learned a level 2 spell: Throw Flame
   695 | D:1      | Reached XP level 3. HP: 16/19 MP: 5/10
   710 | D:1      | Learned a level 3 spell: Conjure Flame
   714 | D:1      | Learned a level 3 spell: Inner Flame
  1269 | D:2      | Reached skill level 4 in Spellcasting
  1962 | D:2      | Reached XP level 4. HP: 23/24 MP: 9/12
  2481 | D:3      | Found a snail-covered altar of Cheibriados.
  2567 | D:3      | Found a runed door.
  2593 | D:3      | Found a bloodstained altar of Trog.
  2593 | D:3      | Found a radiant altar of Vehumet.
  2597 | D:3      | Became a worshipper of Vehumet
  2897 | D:3      | Found a deep blue altar of Sif Muna.
  3067 | D:3      | Reached skill level 5 in Spellcasting
  3136 | D:3      | Learned a level 4 spell: Sticky Flame
  3216 | D:3      | Reached XP level 5. HP: 28/28 MP: 10/14
  3455 | D:3      | Noticed Crazy Yiuf
  3461 | D:3      | Killed Crazy Yiuf
  3562 | D:3      | Noticed Natasha
  3562 | D:3      | Noticed Ijyb
  3576 | D:3      | Killed Natasha
  3576 | D:3      | Killed Ijyb
  3576 | D:3      | Reached skill level 6 in Spellcasting
  3682 | D:3      | Reached * piety under Vehumet
  3682 | D:3      | Offered knowledge of Shock by Vehumet.
  3686 | D:3      | Learned a level 1 spell: Shock
  3744 | D:3      | Reached XP level 6. HP: 16/32 MP: 5/17
  3871 | D:3      | Noticed Jessica
  3873 | D:3      | Killed Jessica
  4111 | D:3      | Reached skill level 7 in Spellcasting
  4111 | D:3      | Reached skill level 1 in Air Magic
  4121 | D:3      | Learned a level 5 spell: Fireball
  4132 | D:3      | Reached skill level 5 in Fire Magic
  4132 | D:3      | Reached XP level 7. HP: 21/36 MP: 1/19
  4196 | D:3      | Gained mutation: You are agile. (Dex +2) [potion of mutation]
  4196 | D:3      | Gained mutation: Your spells are a little harder to cast, but a little more powerful. [potion of mutation]
  4445 | D:4      | Found a staircase to the Ecumenical Temple.
  4670 | D:3      | Offered knowledge of Throw Frost by Vehumet.
  4674 | D:3      | Learned a level 2 spell: Throw Frost
  4751 | D:3      | Reached ** piety under Vehumet
  4751 | D:3      | Reached skill level 8 in Spellcasting
  4759 | D:3      | Noticed Natasha
  4761 | D:3      | Killed Natasha
  5071 | D:3      | Noticed Natasha
  5072 | D:3      | Killed Natasha
  5341 | D:4      | Reached skill level 1 in Short Blades
  5343 | D:4      | Found Behim's Gadget Emporium.
  5398 | D:4      | Found Buokorop's Jewellery Shoppe.
  5409 | D:4      | Bought a +3 amulet of reflection for 172 gold pieces
  5422 | D:4      | Found Fidug's Antique Weapon Emporium.
  5441 | D:4      | Offered knowledge of Static Discharge by Vehumet.
  5450 | D:4      | Reached skill level 1 in Fighting
  5470 | D:4      | Found Ekytaisa's General Store.
  5486 | D:4      | Bought a potion of heal wounds for 55 gold pieces
  5486 | D:4      | Bought a potion of haste for 110 gold pieces
  5490 | D:4      | Found Kak Jer's Jewellery Boutique.
  5749 | Temple   | Entered the Ecumenical Temple
  5934 | D:5      | Entered Level 5 of the Dungeon
  5988 | D:5      | Reached XP level 8. HP: 43/43 MP: 16/22
  6052 | D:5      | Reached skill level 1 in Armour
  6132 | D:5      | Found a hide-covered altar of Uskayaw.
  6294 | D:5      | Reached skill level 5 in Conjurations
  6294 | D:5      | Reached skill level 1 in Ice Magic
  6370 | D:5      | Reached skill level 1 in Shields
  6554 | D:5      | Found a blossoming altar of Fedhas.
  6899 | D:6      | Found Vilyh's Armour Shop.
  7084 | D:6      | Found a stormy altar of Qazlal.
  7170 | D:6      | Reached skill level 9 in Spellcasting
  7684 | D:7      | Reached *** piety under Vehumet
  7685 | D:7      | Reached XP level 9. HP: 48/48 MP: 18/24
  7717 | D:7      | Noticed Duvessa
  7717 | D:7      | Noticed Dowan
  7728 | D:7      | Killed Duvessa
  7754 | D:7      | Killed Dowan
  8140 | D:7      | Found a stormy altar of Qazlal.
  8534 | D:7      | Offered knowledge of Ignite Poison by Vehumet.
  8695 | D:7      | Learned a level 3 spell: Ignite Poison
  8755 | D:7      | Got a sparkling bronze ring
  8761 | D:7      | Identified the ring "Hydon" {rN++ MP+9 Dex+2 SInv Stlth+} (You found it on level 7 of the Dungeon)
  8855 | D:7      | Reached skill level 10 in Spellcasting
  9115 | D:7      | Noticed George's ghost (novice MiFi)
  9130 | D:7      | Killed George's ghost
  9130 | D:7      | Reached skill level 1 in Poison Magic
  9327 | D:8      | Reached XP level 10. HP: 45/55 MP: 26/26
  9462 | D:8      | Noticed Nattefrost's ghost (novice DsHu)
  9474 | D:8      | Killed Nattefrost's ghost
  9524 | D:8      | Found an ornate altar of the Wu Jian Council.
  9527 | D:8      | Found a shadowy altar of Dithmenos.
  9531 | D:8      | Found a hazy altar of Hepliaklqana.
  9534 | D:8      | Found an iron altar of Okawaru.
  9606 | D:8      | Reached **** piety under Vehumet
  9655 | D:8      | Reached skill level 5 in Dodging
  9732 | D:8      | Got a smoking lapis lazuli ring
  9744 | D:8      | Identified the ring "Mojotepp" {-Tele +Inv rPois rC+ MR+} (You found it on level 8 of the Dungeon)
  9764 | D:8      | Found a shimmering altar of Xom.
  9765 | D:8      | Noticed a two-headed ogre
  9782 | D:8      | Offered knowledge of Venom Bolt by Vehumet.
  9792 | D:8      | Mangled by a two-headed ogre

Vault maps used:
D:1:      nzn_arrival_water_spiral
D:2:      serial_park_tiny_2
D:3:      minmay_goblin_kobold_castle, kennysheep_slug_shrine,
          lemuel_blue_sif_altar, gammafunk_temple_overflow_elements,
          uniq_crazy_yiuf_cottage, uniq_natasha, uniq_jessica, uniq_ijyb
D:4:      minmay_temple_entry_junction, serial_shops, nicolae_shop_crystal,
          shop, kennysheep_little_box, nicolae_shop_crystal, nicolae_shop_stone,
          serial_bayou_ford_a
D:5:      overflow_temple_1_default, first_bread, chequers_big_river,
          fedhas_altar_fruit_tree
D:6:      basic_altar, serial_shops, shop_coins
D:7:      lemuel_doored_altar, uniq_duvessa
D:8:      grunt_temple_overflow_cloverleaf, lemuel_round_altar, xom_butterflies
Temple:   nicolae_temple_figure_zero

Skill      XL: |  1  2  3  4  5  6  7  8  9 10 |
---------------+-------------------------------+-----
Conjurations   | 2 3 4 5 6 |  6.3
Spellcasting   | 4 5 6 7 8 9 10 | 10.6
Fire Magic     | 4 5 6 |  6.8
Air Magic      | 1 2 3 4 |  4.2
Short Blades   | 1 2 3 |  3.3
Fighting       | 1 2 3 |  3.1
Armour         | 1 2 3 |  3.1
Dodging        | 3 4 5 |  5.0
Ice Magic      | 1 3 |  3.5
Shields        | 1 2 |  2.7
Poison Magic   | 1 |  1.5
Stealth        | |  2.4

Action                   |  1- 3 |  4- 6 |  7- 9 | 10-12 || total
-------------------------+-------+-------+-------+-------++-------
Melee: Short sword       |    38 |    19 |    13 |       ||    70
       Dagger            |       |       |    50 |     4 ||    54
 Cast: Flame Tongue      |    77 |    96 |   175 |    38 ||   386
       Throw Flame       |     2 |    14 |    37 |     4 ||    57
       Inner Flame       |       |     6 |     5 |     7 ||    18
       Conjure Flame     |       |     4 |     8 |     3 ||    15
       Sticky Flame      |       |     4 |    19 |     2 ||    25
       Throw Frost       |       |       |     5 |       ||     5
       Fireball          |       |       |     2 |     1 ||     3
       Shock             |       |       |       |     2 ||     2
  Use: Scroll            |     7 |     3 |    10 |     1 ||    21
       Potion            |       |     2 |     3 |       ||     5
 Stab: Sleeping          |     3 |     2 |     3 |       ||     8
       Distracted        |       |       |     1 |       ||     1
  Eat: Chunk             |     3 |     7 |    17 |     2 ||    29
Armor: Robe              |    20 |    17 |    27 |       ||    64
Dodge: Dodged            |    64 |    47 |    76 |     6 ||   193
Block: Other             |       |       |    10 |     2 ||    12
       Reflection        |       |       |       |     1 ||     1

Table legend:
 A = Spawn XP
 B = Non-spawn XP
 C = Spawn XP percentage of total XP
 D = Spawn monster count
 E = Non-spawn monster count
 F = Spawn count percentage of total count
 G = Total turns spent on level
                    A         B        C        D         E        F      G
               +---------+---------+-------+---------+---------+-------+---------
         Total |    1073 |    6089 |  15.0 |      37 |     200 |  15.6 |  9792
               +---------+---------+-------+---------+---------+-------+---------
           D:1 |      15 |      42 |  26.3 |       7 |      21 |  25.0 |  1306
           D:2 |      11 |      51 |  17.7 |       5 |      19 |  20.8 |  1172
           D:3 |      80 |     962 |   7.7 |      10 |      78 |  11.4 |  2391
           D:4 |       1 |     240 |   0.4 |       1 |      13 |   7.1 |   949
           D:5 |      80 |     449 |  15.1 |       3 |      11 |  21.4 |   833
           D:6 |     129 |     599 |  17.7 |       1 |      10 |   9.1 |   954
           D:7 |     757 |    2111 |  26.4 |      10 |      25 |  28.6 |  1598
           D:8 |       0 |    1635 |   0.0 |       0 |      23 |   0.0 |   471
               +---------+---------+-------+---------+---------+-------+---------
